[Event "*** SCC Grand Prix: Titled Tuesday Blitz"]
[Site "Chess.com"]
[Date "2020.06.23"]
[Round "9"]
[White "chenxiaoyuer"]
[Black "AttilaTurzo"]
[Result "1-0"]
[WhiteElo "2396"]
[BlackElo "2491"]
[TimeControl "180+1"]
[EndTime "11:46:26 PDT"]
[Termination "chenxiaoyuer won by resignation"]

1. e4 c5 2. Nf3 d6 3. d4 cxd4 4. Nxd4 Nf6 5. Nc3 a6 6. Be2 e5 7. Nb3 Be7 8. O-O Be6 9. f4 exf4 10. Bxf4 Nc6 11. Kh1 O-O 12. Qe1 d5 13. Rd1 d4 14.
Be3 Bxb3 15. axb3 Qb6 16. Bg1 Rad8 17. Qg3 Qa5 18. Rf5 b5 19. Nd5 Nxe4 20. Qg4 Rxd5 21.
Rxd5 Nf6 22. Qf3 Nxd5 23. Qxd5 Nb4 24. Qxd4 Bf6 25. Qd2 Bxb2 26. Bc5 Nc6 27. Qxa5 Nxa5 28. Bxf8 Kxf8 29. Rd8+ Ke7 30. Ra8 Nc6 31. Rxa6 Nd4 32. Bd3 b4 33. Rb6 Bc3 34. Rb7+ Kf6 35. Bc4 Ne6 36.
Kg1 h5 37. Kf2 Ng5 38. Ke3 h4 39. Kf4 Be5+ 40. Kg4 Bc3 41. Rb6+ Ne6 42. Bxe6 fxe6 43. Kxh4 Kf5 44. Kg3 g5 45. Kf3 g4+ 46. Ke3 e5 47.
Rb8 Bd4+ 48. Ke2 Bc3 49. Rg8 e4 50. h3 gxh3 51. gxh3 Kf6 52. h4 Kf7 53. Rg4 Kf6 54.
Rxe4 Kf5 55. Rc4 Bf6 56. Rxb4 Kg6 57. Rc4 1-0

[Event "*** SCC Grand Prix: Titled Tuesday Blitz"]
[Site "Chess.com"]
[Date "2020.06.23"]
[Round "9"]
[White "Canairez"]
[Black "dey2580"]
[Result "1-0"]
[WhiteElo "2392"]
[BlackElo "2533"]
[TimeControl "180+1"]
[EndTime "11:46:27 PDT"]
[Termination "Canairez won on time"]

1. d4 Nf6 2. Nf3 e6 3. c4 Bb4+ 4. Bd2 Qe7 5. a3 Bxd2+ 6. Qxd2 b6 7. Nc3 Bb7 8. g3 d6 9. Bg2 O-O 10. O-O c5 11. Rae1 cxd4 12. Nxd4 Bxg2 13. Kxg2 Rc8 14.
b3 Nc6 15. Rd1 Na5 16. e4 Qb7 17. Rfe1 g6 18. Qd3 a6 19. Qf3 Nd7 20. Qg4 Kg7 21.
Nxe6+ fxe6 22. Rxd6 Rf8 23. Qxe6 Rf7 24. b4 Nb3 25. c5 Raf8 26. f4 Nbxc5 27. bxc5 Nxc5 28. Qe5+ Kg8 29. Nd5 b5 30. Rd1 a5 31. Nf6+ Rxf6 32. Rxf6 Rxf6 33. Qxf6 Qxe4+ 34. Kh3 Qe6+ 35. Qxe6+ Nxe6 36.
Rd5 b4 37. axb4 axb4 38. Rb5 h5 39. Rxb4 Kf7 40. Rb6 Nd4 41. Ra6 Nf5 42. Kg2 Nd4 43. Kf2 Nf5 44. Kf3 Nh6 45. Ke4 Ng4 46. h3 Nf2+ 47. Ke5 Nxh3 48. Ra7+ Ke8 49. Kf6 Nf2 50.
Kxg6 Ne4 51. Kxh5 Nxg3+ 52. Kg6 Ne4 53. f5 Nd6 54. f6 Kf8 55. f7 1-0

[Event "*** SCC Grand Prix: Titled Tuesday Blitz"]
[Site "Chess.com"]
[Date "2020.06.23"]
[Round "9"]
[White "PavelChernomordik"]
[Black "Barmen_EV"]
[Result "1-0"]
[WhiteElo "2334"]
[BlackElo "2457"]
[TimeControl "180+1"]
[EndTime "11:46:28 PDT"]
[Termination "PavelChernomordik won on time"]

1. e4 c5 2. Nc3 Nc6 3. Bb5 Nd4 4. Bc4 Nf6 5. Nge2 b5 6. Nxb5 Nxb5 7. Bxb5 Nxe4 8. O-O Nd6 9. Ba4 e6 10. d4 cxd4 11.
Nxd4 Be7 12. Bf4 O-O 13. Nf3 Nf5 14. c4 d6 15. Bc2 e5 16. Bc1 Be6 17. b3 Nh4 18. Nxh4 Bxh4 19. Bb2 f5 20. f4 exf4 21. Rxf4 Bg5 22. Rf1 Be3+ 23. Kh1 f4 24. Qh5 h6 25. Qg6 Rf6 26. Bxf6 Qxf6 27. Qxf6 gxf6 28. Rad1 Rd8 29. Be4 Kg7 30. Rd3 Bg4 31. Re1 f5 32. Bf3 Kf6 33.
Red1 Bxf3 34. gxf3 Bc5 35. Re1 a5 36. Rd5 Rg8 37.
Rdd1 h5 38. Re2 h4 39. Rg2 Re8 40. Rgd2 h3 41. Rf1 Rg8 42. a3 Bxa3 43. Rg1 1-0

[Event "*** SCC Grand Prix: Titled Tuesday Blitz"]
[Site "Chess.com"]
[Date "2020.06.23"]
[Round "9"]
[White "AGW2016"]
[Black "Resignify"]
[Result "1-0"]
[WhiteElo "2227"]
[BlackElo "2124"]
[TimeControl "180+1"]
[EndTime "11:46:28 PDT"]
[Termination "AGW2016 won on time"]

1. d4 Nf6 2. c4 g6 3. Nc3 Bg7 4. e4 d6 5. Nf3 O-O 6. Be2 e5 7.
O-O Nc6 8. d5 Ne7 9. Ne1 Nd7 10.
Be3 f5 11. f3 Nf6 12. Rc1 a6 13. c5 f4 14. Bf2 g5 15. Na4 Ne8 16. cxd6 Nxd6 17.
Nc5 g4 18. fxg4 b6 19. Ne6 Bxe6 20. dxe6 c5 21. Bf3 Qb8 22. Bh4 Ra7 23. Nd3 Ng6 24.
Bf2 Re8 25. Nxc5 bxc5 26. Bxc5 Nb5 27. Bxa7 Qxa7+ 28. Kh1 Rxe6 29. Be2 Re8 30. Qd5+ Qf7 31. Bxb5 Qxd5 32. exd5 axb5 33. d6 Rd8 34. Rfd1 Kf7 35. Rc7+ Kf6 36. d7 Bf8 37. Rc8 Be7 38. Rc6+ Kf7 39. Rb6 Nf8 40. Rxb5 Rxd7 41. Rxd7 Nxd7 42. a4 Ke6 43. a5 Bc5 44. a6 e4 45. Rxc5 Nxc5 46. a7 e3 47. a8=Q Ke5 48. Qf3 1-0

[Event "*** SCC Grand Prix: Titled Tuesday Blitz"]
[Site "Chess.com"]
[Date "2020.06.23"]
[Round "9"]
[White "LiemLe"]
[Black "BilodeauA"]
[Result "1-0"]
[WhiteElo "3006"]
[BlackElo "2869"]
[TimeControl "180+1"]
[EndTime "11:46:29 PDT"]
[Termination "LiemLe won by resignation"]

1. d4 d5 2. Nf3 Nf6 3. c4 dxc4 4. e3 Bg4 5. Bxc4 e6 6. h3 Bh5 7. Nc3 a6 8. e4 Bxf3 9. gxf3 c6 10. Be3 Nbd7 11.
f4 Bb4 12. Qf3 Qa5 13. Rc1 Nb6 14. Bb3 Na4 15. O-O Nxb2 16. Ne2 Nd3 17. Rcd1 Ne1 18.
Qh1 O-O-O 19. Kh2 h5 20. Rfxe1 Ng4+ 21. Kg2 Nxe3+ 22. fxe3 Bxe1 23. Qxe1 Qc7 24. h4 Kb8 25. e5 Qe7 26. Rc1 f6 27. Qg3 fxe5 28. dxe5 Rd2 29.
Kf3 Rhd8 30. Qg5 Qa3 31. Rg1 a5 32. Bxe6 R8d3 33. f5 Qb2 34. Rg2 Ka7 35. Bc4 Ra3 36.
e6 Qb1 37. e7 Qf1+ 38. Rf2 Qh1+ 39. Kg3 Qe4 40. Rf3 Rc2 41. Nd4 Rxc4 42. Qxg7 Rxd4 43. Qxd4+ 1-0

[Event "*** SCC Grand Prix: Titled Tuesday Blitz"]
[Site "Chess.com"]
[Date "2020.06.23"]
[Round "9"]
[White "Chuchofrio1"]
[Black "Dr_crypt"]
[Result "1-0"]
[WhiteElo "2235"]
[BlackElo "2349"]
[TimeControl "180+1"]
[EndTime "11:46:29 PDT"]
[Termination "Chuchofrio1 won by resignation"]

1. d4 d5 2. c4 c6 3. cxd5 cxd5 4. Bf4 Nc6 5. e3 Nf6 6. Nc3 a6 7. Bd3 Bg4 8. Nge2 e6 9. Rc1 Bd6 10. f3 Bh5 11. O-O Bg6 12. Na4 O-O 13. Bxd6 Qxd6 14. Nf4 Nd7 15. Nxg6 hxg6 16. Nc5 Nxc5 17. dxc5 Qe5 18.
Qe2 Rac8 19. a3 a5 20. Rfe1 d4 21. Be4 dxe3 22. Bxc6 Rxc6 23. Qxe3 Qxb2 24. Rb1 Qc2 25. Rec1 Qa4 26. Rxb7 Rfc8 27. h3 Rd8 28. Kh2 Rd5 29.
Rb8+ Kh7 30. Rb7 Rf5 31. Rb6 g5 32. Rxc6 Qxc6 33. Qe4 Qc7+ 34. Kh1 g6 35. c6 Rd5 36. Qc4 Rd6 37. Qb5 Kg7 38. Qb7 Qxb7 39. cxb7 Rb6 40.
Rc7 e5 41. Kg1 Rb2 42. Kf1 Kf8 43. Ke1 f5 44. Rc8+ Ke7 45. b8=Q 1-0

[Event "*** SCC Grand Prix: Titled Tuesday Blitz"]
[Site "Chess.com"]
[Date "2020.06.23"]
[Round "9"]
[White "OnePeculiarConundrum"]
[Black "IM_Tissir"]
[Result "1-0"]
[WhiteElo "2332"]
[BlackElo "2456"]
[TimeControl "180+1"]
[EndTime "11:46:30 PDT"]
[Termination "OnePeculiarConundrum won by resignation"]

1. e4 c5 2. Nf3 d6 3. d4 cxd4 4. Qxd4 Nd7 5. c4 e5 6. Qd1 Ngf6 7. Nc3 Be7 8. b3 O-O 9. Bb2 Nc5 10. Bd3 Bg4 11. O-O Ne6 12. h3 Bh5 13. Be2 Nf4 14. Bc1 Kh8 15. Bxf4 exf4 16. Rc1 Nd7 17. Nd5 Bxf3 18.
Bxf3 g5 19. Bg4 Ne5 20. Nxe7 Qxe7 21. Qd4 b6 22. Rfd1 Rad8 23. b4 f6 24. Bf5 Kg7 25. Qd5 h5 26. a3 g4 27. hxg4 hxg4 28. Qe6 Qxe6 29. Bxe6 g3 30. fxg3 fxg3 31. Rc3 f5 32.
exf5 Kf6 33. Rxg3 Rh8 34. Rc3 Rh4 35. c5 bxc5 36. bxc5 Rdh8 37. Rxd6 Rh1+ 38. Kf2 Ng4+ 39. Kg3 Kg5 40. Rc4 Nf6 41. c6 Rf1 42. Bf7 Rh7 43.
c7 Rxf7 44. c8=Q Rg7 45. Qh8 Nh5+ 46. Kh2 Kxf5 47. Qxh5+ Rg5 48. Qxg5+ Kxg5 49. Rc5+ 1-0

[Event "*** SCC Grand Prix: Titled Tuesday Blitz"]
[Site "Chess.com"]
[Date "2020.06.23"]
[Round "9"]
[White "WildTricks"]
[Black "Hasangatin_Ramil"]
[Result "1-0"]
[WhiteElo "2501"]
[BlackElo "2593"]
[TimeControl "180+1"]
[EndTime "11:46:31 PDT"]
[Termination "WildTricks won on time"]

1. Nf3 Nf6 2. g3 d5 3. Bg2 Bf5 4. O-O e6 5. d3 Be7 6. c4 c6 7. cxd5 cxd5 8. Nc3 Nc6 9. Qb3 Qd7 10. Bf4 O-O 11.
Rac1 Rfc8 12. Ne5 Nxe5 13. Bxe5 Bg6 14. Rc2 Rc6 15. Rfc1 Rac8 16. a3 h6 17. Na2 a6 18.
h3 Bh5 19. g4 Bg6 20. Nb4 Bxb4 21. axb4 Ne8 22. Rc3 Nd6 23. Rc5 Nb5 24. R1c2 b6 25. Rxc6 Rxc6 26. Rxc6 Qxc6 27. Bc3 f6 28. Qa4 Qb7 29.
Bd2 Be8 30. Qd1 Bc6 31. e3 Kf7 32. d4 Nd6 33. Bc3 Bb5 34. Qd2 Qc6 35. f3 Qc4 36. Kf2 Qb3 37. e4 Nc4 38. Qc1 Nd6 39. e5 fxe5 40. dxe5 Ne8 41. f4 Qc4 42. Qe3 g6 43. Qxb6 Qe2+ 44. Kg3 Qe3+ 45. Qxe3 1-0

[Event "*** SCC Grand Prix: Titled Tuesday Blitz"]
[Site "Chess.com"]
[Date "2020.06.23"]
[Round "9"]
[White "SiddharthGMJagadeesh"]
[Black "NTBT_DHS"]
[Result "1-0"]
[WhiteElo "2448"]
[BlackElo "2603"]
[TimeControl "180+1"]
[EndTime "11:46:31 PDT"]
[Termination "SiddharthGMJagadeesh won by checkmate"]

1. e4 Nf6 2. e5 Nd5 3. c4 Nb6 4. d4 d6 5. exd6 exd6 6. Nc3 Bf5 7. Qf3 Qc8 8. Bd3 Bxd3 9. Qxd3 Qe6+ 10. Be3 Nxc4 11. d5 Ne5 12. Qb5+ Qd7 13. Qxb7 Be7 14. Qxa8 O-O 15. Qb7 Qg4 16. Nge2 Qxg2 17. O-O-O Nbd7 18. Rhg1 Qf3 19. Nd4 Qh5 20. Nc6 Bf6 21. Qxc7 Qxh2 22.
Nxe5 Nxe5 23. Kb1 Nf3 24. Rg3 Qh5 25. Qc4 Bxc3 26. Qxc3 Ne5 27. Rdg1 g6 28. Rg5 Qf3 29. Rxe5 dxe5 30. Qxe5 f6 31. Qe6+ Rf7 32. d6 Qc6 33. Rd1 Qd7 34. Qxd7 Rxd7 35. Bxa7 g5 36. Bc5 h6 37. a4 Kf7 38. a5 Ke6 39. a6 Rd8 40.
a7 Kd7 41. Re1 Kc6 42. b4 h5 43. Re7 h4 44. Rc7+ Kb5 45. d7 h3 46. Rc8 h2 47.
Rxd8 h1=Q+ 48. Kb2 Qd1 49. Rb8+ Kc4 50. d8=Q Qb3+ 51.
Kc1 Qc3+ 52. Kd1 Qf3+ 53. Ke1 Qh1+ 54. Ke2 Qe4+ 55. Be3 Qg4+ 56. f3 Qg2+ 57. Bf2 g4 58. Qd3# 1-0

[Event "*** SCC Grand Prix: Titled Tuesday Blitz"]
[Site "Chess.com"]
[Date "2020.06.23"]
[Round "9"]
[White "Th3_Hound"]
[Black "goofypenguin96"]
[Result "0-1"]
[WhiteElo "2532"]
[BlackElo "2380"]
[TimeControl "180+1"]
[EndTime "11:46:32 PDT"]
[Termination "goofypenguin96 won by resignation"]

1. e4 c5 2. Nf3 a6 3. c4 Nc6 4. d4 cxd4 5. Nxd4 g6 6. Nc3 Bg7 7. Be3 Nf6 8. Be2 O-O 9. O-O d6 10. h3 Nxd4 11. Bxd4 Be6 12. Qc2 Rc8 13. b3 b5 14.
cxb5 axb5 15. Bxb5 Qa5 16. a4 Nxe4 17. Bxg7 Kxg7 18.
Qxe4 Qxc3 19. a5 Qxb3 20. Rfb1 Qc3 21. Qf4 Rb8 22. Qa4 Ra8 23. a6 Rfc8 24. Bf1 Qc6 25. Qd4+ Kg8 26. Rb7 Rc7 27. Rxc7 Qxc7 28. a7 Qb7 29.
Be2 Bd5 30. Bf1 e5 31. Qe3 f5 32. Ra5 Bf7 33. Qa3 d5 34. Ra6 e4 35. Qa5 d4 36. Bb5 Bd5 37. Kh2 d3 38. g3 d2 39.
Ba4 Bb3 40. Rb6 d1=Q 41. Bxb3+ Qxb3 42. Rxb7 Qxb7 43. Qc5 Qf7 44. Qc4 Rxa7 45. Qxf7+ Rxf7 46. g4 Re7 0-1

[Event "*** SCC Grand Prix: Titled Tuesday Blitz"]
[Site "Chess.com"]
[Date "2020.06.23"]
[Round "9"]
[White "juniortay"]
[Black "Escanor89"]
[Result "0-1"]
[WhiteElo "2402"]
[BlackElo "2555"]
[TimeControl "180+1"]
[EndTime "11:46:32 PDT"]
[Termination "Escanor89 won by resignation"]

1. e4 c5 2. Nf3 d6 3. d4 cxd4 4. Qxd4 Nc6 5. Bb5 Bg4 6. Nc3 Bxf3 7. gxf3 a6 8. Bxc6+ bxc6 9. b3 Nf6 10. Bb2 g6 11.
O-O-O Bg7 12. e5 Nh5 13. Qc4 O-O 14. exd6 exd6 15. Rd3 Rc8 16. Qxa6 d5 17. Kb1 Nf4 18. Rdd1 Qh4 19. Qf1 Nh3 20. Rd2 Ng5 21. Qd1 Qf4 22.
Rd3 Nh3 23. Ne2 Qh4 24. Bxg7 Kxg7 25. Rf1 Rfe8 26. Re3 Kg8 27. Qd4 Qh6 28. Ng3 Nf4 29. Rg1 Ne6 30. Qe5 Qxh2 31. Rh1 Qxf2 32. Ree1 Ng7 33.
Qc3 Qxg3 34. Reg1 Qe5 35. Qd2 h5 36. Qh6 Qf6 37. Rxh5 Nxh5 38. Qxh5 Re5 39. Qh6 Rce8 40. Rh1 Re1+ 0-1

[Event "*** SCC Grand Prix: Titled Tuesday Blitz"]
[Site "Chess.com"]
[Date "2020.06.23"]
[Round "9"]
[White "chessmaugli"]
[Black "yamalchess"]
[Result "0-1"]
[WhiteElo "2308"]
[BlackElo "2447"]
[TimeControl "180+1"]
[EndTime "11:46:32 PDT"]
[Termination "yamalchess won on time"]

1. e4 e5 2. Nf3 Nc6 3. Bb5 a6 4. Ba4 Nf6 5. O-O b5 6. Bb3 Bb7 7. a4 Bc5 8. axb5 axb5 9. Rxa8 Bxa8 10. Nxe5 Nxe5 11. d4 Bxd4 12. Qxd4 d6 13. f4 Nc6 14. Qd3 O-O 15. Nc3 Na5 16. Ba2 b4 17. Nd5 Nxd5 18. Bxd5 c6 19. Ba2 c5 20. Bd5 Bxd5 21. Qxd5 Re8 22. Be3 Qe7 23. Bf2 Qxe4 24. Re1 Qxe1+ 25.
Bxe1 Rxe1+ 26. Kf2 Re8 27. Qxd6 Nc4 28. Qxc5 Nxb2 29.
Qxb4 Nd1+ 30. Kf3 Re3+ 31. Kg4 g6 32. g3 Nf2+ 33. Kh4 h6 34. Qd4 Re2 35. c4 Ne4 36. h3 f5 37. g4 Kf7 38. gxf5 gxf5 39. Qd7+ Kf6 40. Qd8+ Kf7 41. Qd7+ Kf6 42. Qc6+ Kf7 43. c5 Rf2 44. Qxh6 Nf6 0-1

[Event "*** SCC Grand Prix: Titled Tuesday Blitz"]
[Site "Chess.com"]
[Date "2020.06.23"]
[Round "9"]
[White "vinniethepooh"]
[Black "Gajuchess"]
[Result "1-0"]
[WhiteElo "2582"]
[BlackElo "2738"]
[TimeControl "180+1"]
[EndTime "11:46:33 PDT"]
[Termination "vinniethepooh won by resignation"]

1. d4 g6 2. c4 Bg7 3. Nc3 d6 4. Nf3 Bg4 5. g3 Nc6 6. d5 Bxf3 7. exf3 Nd4 8. Be3 c5 9. Bg2 Nh6 10. O-O Nhf5 11. Re1 h5 12. f4 O-O 13. Qd3 a6 14. a4 Qb6 15. Be4 Qxb2 16. Rab1 Qxc3 17. Qxc3 Nf3+ 18. Bxf3 Bxc3 19. Re2 Rab8 20. Be4 Nxe3 21. fxe3 Bb4 22. Kf2 b5 23. axb5 axb5 24. cxb5 Rxb5 25. Ra2 Rfb8 26. Ke2 Bc3 27. Rxb5 Rxb5 28. Kd3 Bf6 29. h3 Rb3+ 30. Ke2 Kg7 31. Bc2 Rc3 32. Be4 h4 33. g4 g5 34. f5 Be5 35. Bc2 Rc4 36. Kd2 Rb4 37. Ra4 Rb2 38. Kd3 Kf6 39. Ra3 c4+ 40.
Kd2 Rb5 41. e4 Bd4 42. Ra4 Rxd5 43. exd5 1-0

[Event "*** SCC Grand Prix: Titled Tuesday Blitz"]
[Site "Chess.com"]
[Date "2020.06.23"]
[Round "9"]
[White "Rodalquilar"]
[Black "BigAl"]
[Result "0-1"]
[WhiteElo "2627"]
[BlackElo "2491"]
[TimeControl "180+1"]
[EndTime "11:46:33 PDT"]
[Termination "BigAl won by checkmate"]

1. d4 Nf6 2. c4 g6 3. Nc3 Bg7 4. e4 O-O 5. f4 d6 6. Nf3 c5 7. dxc5 Qa5 8. Bd3 Qxc5 9. Qe2 Nc6 10. Be3 Qa5 11. Rc1 Bg4 12. O-O Nd7 13. Qd2 Nc5 14. Bb1 Bxf3 15. Rxf3 Rad8 16. Rf2 Rfe8 17. Nd5 Qxd2 18.
Rxd2 e6 19. Nc3 e5 20. Nb5 exf4 21. Bxf4 Nxe4 22. Bxe4 Rxe4 23. g3 Nd4 24. Kf2 a6 25. Nc3 Re6 26. Nd5 Rde8 27. Be3 Nf5 28. Bf4 Nd4 29.
Be3 Nf5 30. Bf4 Rc8 31. g4 Nd4 32. Be3 Nc6 33. h3 Ne5 34. Nb6 Rce8 35. Bd4 Nc6 36.
Bxg7 Kxg7 37. Rcd1 Re4 38. Rxd6 Re2+ 39. Kg3 Rxb2 40.
Rd7 Ree2 41. Nd5 Rg2+ 42. Kf4 Rbe2 43. Rf1 h6 44. g5 hxg5+ 45. Kf3 Ne5# 0-1

[Event "*** SCC Grand Prix: Titled Tuesday Blitz"]
[Site "Chess.com"]
[Date "2020.06.23"]
[Round "9"]
[White "BJthechessgod"]
[Black "Kapitan_Bayan"]
[Result "0-1"]
[WhiteElo "2230"]
[BlackElo "2458"]
[TimeControl "180+1"]
[EndTime "11:46:33 PDT"]
[Termination "Kapitan_Bayan won by checkmate"]

1. d4 Nf6 2. c4 e6 3. Nc3 d5 4. e3 c6 5. Nf3 Nbd7 6. Bd3 dxc4 7.
Bxc4 b5 8. Bd3 Bb7 9. O-O Bd6 10. Bd2 e5 11. dxe5 Nxe5 12. Nxe5 Bxe5 13. Be2 O-O 14. Qc2 Qe7 15. Rad1 a6 16. Bf3 c5 17. Bxb7 Qxb7 18. Qf5 Rfe8 19. Bc1 c4 20. Ne2 b4 21. Nd4 Rad8 22.
Qf3 Qxf3 23. Nxf3 Bc7 24. Bd2 a5 25. Nd4 Ne4 26. Be1 Bb6 27. f3 Bxd4 28. Rxd4 Rxd4 29.
exd4 Nf6 30. Bf2 Re2 31. Rd1 Rxb2 32. d5 c3 33. d6 Nd7 34. Re1 h6 35. Bd4 Rd2 36.
Re7 Rxd4 37. Rxd7 c2 38. Rd8+ Kh7 39. Rc8 Rd1+ 40. Kf2 c1=Q 41. Rxc1 Rxc1 42. d7 Rd1 43.
Ke3 Rxd7 44. Ke4 a4 45. Ke5 b3 46. axb3 axb3 47. f4 b2 48. f5 b1=Q 49. g4 Qb5+ 50.
Kf4 Rd4+ 51. Kg3 Qd3+ 52. Kh4 Qxf5 53. h3 Qg5+ 54. Kg3 Rd3+ 55. Kh2 Qd2+ 56. Kg1 Rg3+ 57. Kf1 Rg2 58. g5 Qf2# 0-1

[Event "*** SCC Grand Prix: Titled Tuesday Blitz"]
[Site "Chess.com"]
[Date "2020.06.23"]
[Round "9"]
[White "Ekka83"]
[Black "shineatchess"]
[Result "1/2-1/2"]
[WhiteElo "2339"]
[BlackElo "2145"]
[TimeControl "180+1"]
[EndTime "11:46:33 PDT"]
[Termination "Game drawn - insufficient material"]

1. e4 e5 2. f4 d5 3. exd5 e4 4.
Nc3 Nf6 5. g3 Bc5 6. Bg2 Bg4 7.
Nge2 Bf3 8. Bxf3 exf3 9. d4 fxe2 10. Qxe2+ Be7 11. Bd2 Nxd5 12. O-O-O Nxc3 13. Bxc3 O-O 14. d5 Bf6 15. Bb4 Re8 16. Qb5 b6 17. g4 a6 18. Qd3 Be7 19. Bc3 Bd6 20. Qd4 Qf6 21.
Qxf6 gxf6 22. Rhf1 Nd7 23. h4 Re4 24. Bd2 Rae8 25. g5 fxg5 26. hxg5 Bc5 27. f5 Be3 28. d6 Bxd2+ 29. Rxd2 Re1+ 30. Rd1 Rxf1 31. Rxf1 cxd6 32.
Rd1 Nc5 33. Rxd6 Re1+ 34. Kd2 Ne4+ 35. Kxe1 Nxd6 36. a4 Nxf5 37. c4 Kf8 38. Ke2 Ke7 39.
b4 Kd6 40. Kd3 Kc6 41. Ke4 Nd6+ 42. Kd4 b5 43. cxb5+ axb5 44. axb5+ Nxb5+ 45. Ke5 Nd6 46. Kf6 Kb5 47. Kg7 Kxb4 48. Kxh7 Kc5 49. g6 fxg6 50. Kxg6 1/2-1/2

[Event "*** SCC Grand Prix: Titled Tuesday Blitz"]
[Site "Chess.com"]
[Date "2020.06.23"]
[Round "9"]
[White "pooh2012"]
[Black "Airquake"]
[Result "1-0"]
[WhiteElo "2511"]
[BlackElo "2659"]
[TimeControl "180+1"]
[EndTime "11:46:34 PDT"]
[Termination "pooh2012 won on time"]

1. d4 Nf6 2. Nc3 e6 3. Bf4 d5 4. e3 Bd6 5. Bg3 O-O 6. Nf3 b6 7. Bd3 Bb7 8. Qe2 Nbd7 9. e4 dxe4 10. Nxe4 Nxe4 11. Bxe4 Bxe4 12. Qxe4 Nf6 13. Qc6 Nd5 14. c3 f5 15. Be5 Qe7 16. O-O-O Rad8 17. Rhe1 a5 18.
Bxd6 Rxd6 19. Qc4 Rb8 20. Re5 b5 21. Qc5 Qd7 22. Rde1 b4 23. Qa7 Qc8 24. c4 Nf4 25. Kc2 Qe8 26. Qxa5 Ra8 27. Qxb4 Rb6 28. Qc3 Rxa2 29. Nd2 Qa4+ 30. Nb3 Rc6 31. c5 Nd5 32. Rxd5 exd5 33. Re5 Qc4 34. Qxc4 dxc4 35. Nd2 c3 36. Kxc3 Rca6 37. b3 Ra1 38. Rxf5 Rc1+ 39. Kb4 Ra8 40. Nc4 Rb8+ 41. Ka3 Rc3 42. Na5 Ra8 43. Ka4 Rc1 44. b4 Ra1+ 45. Kb5 Rb8+ 46. Kc4 Rb1 47. Nc6 Rh1 48.
Nxb8 1-0

[Event "*** SCC Grand Prix: Titled Tuesday Blitz"]
[Site "Chess.com"]
[Date "2020.06.23"]
[Round "9"]
[White "pitterson"]
[Black "Azoulas1"]
[Result "0-1"]
[WhiteElo "2266"]
[BlackElo "2022"]
[TimeControl "180+1"]
[EndTime "11:46:35 PDT"]
[Termination "Azoulas1 won on time"]

1. d4 Nf6 2. c4 e6 3. g3 c5 4.
d5 d6 5. Nc3 g6 6. Bg2 Bg7 7. Nf3 O-O 8. O-O a6 9. a4 exd5 10.
cxd5 Nbd7 11. Nd2 Re8 12. Nc4 Ne5 13. Na3 Bf5 14. e4 Bd7 15. h3 Bc8 16. f4 Ned7 17. Kh2 Qc7 18. Nc4 Rb8 19. a5 b5 20. axb6 Nxb6 21. Na5 Bb7 22. Re1 Nbd7 23. Nxb7 Qxb7 24. Qa4 Ra8 25. g4 Qc7 26. Bf3 g5 27. fxg5 Ne5 28. Qd1 Nfd7 29. Bg2 c4 30. Rf1 Nc5 31. Be3 Rab8 32. Rxa6 Nxa6 33. Bd4 Nc5 34. Qe2 Ncd3 35.
Nd1 Rb3 36. h4 Nxg4+ 37. Qxg4 Bxd4 38. h5 Be5+ 39. Kh1 Qe7 40. g6 fxg6 41. hxg6 hxg6 42. Qxg6+ Kh8 43. Kg1 Rg8 44. Qh6+ Qh7 45. Qxh7+ Kxh7 46. Rf3 Nf4 47. Rxb3 cxb3 0-1

[Event "*** SCC Grand Prix: Titled Tuesday Blitz"]
[Site "Chess.com"]
[Date "2020.06.23"]
[Round "9"]
[White "Mourinho_Jose"]
[Black "DishonorOnYourCow"]
[Result "1-0"]
[WhiteElo "2478"]
[BlackElo "2334"]
[TimeControl "180+1"]
[EndTime "11:46:36 PDT"]
[Termination "Mourinho_Jose won on time"]

1. Nf3 d5 2. g3 Nf6 3. Bg2 g6 4.
O-O Bg7 5. d4 O-O 6. Nbd2 c5 7.
dxc5 Nc6 8. Nb3 e5 9. Bg5 h6 10. Bxf6 Bxf6 11. c3 d4 12. cxd4 exd4 13. Rc1 Be6 14.
Nfd2 Re8 15. Ne4 Be7 16. Qd2 f5 17. Nd6 Bxd6 18. cxd6 Bxb3 19. axb3 Qxd6 20. Qxh6 Rxe2 21. h4 Re7 22. h5 Ne5 23. hxg6 Nxg6 24. Rfd1 Rh7 25.
Qg5 Rf8 26. Rc4 d3 27. Rc3 Rg7 28. Rcxd3 Qf6 29. Qh5 f4 30. Bd5+ Rgf7 31. Bxf7+ Rxf7 32. Rd7 fxg3 33. Rxf7 gxf2+ 34. Kf1 Qxf7 35. Qd5 Qxd5 36. Rxd5 Nf4 37. Rd7 b5 38. Rxa7 Nd3 39. Rb7 b4 40.
Ke2 Nxb2 41. Kxf2 Kf8 42. Ke2 Ke8 43. Kd2 Kd8 44. Kc2 1-0

[Event "*** SCC Grand Prix: Titled Tuesday Blitz"]
[Site "Chess.com"]
[Date "2020.06.23"]
[Round "9"]
[White "alexrustemov"]
[Black "chipmunknau"]
[Result "1-0"]
[WhiteElo "2744"]
[BlackElo "2606"]
[TimeControl "180+1"]
[EndTime "11:46:37 PDT"]
[Termination "alexrustemov won on time"]

1. d4 Nf6 2. Nf3 e6 3. c4 c5 4. d5 exd5 5. cxd5 d6 6. Nc3 a6 7. e4 g6 8. h3 b5 9. Bd3 Bg7 10. O-O O-O 11. a3 Nbd7 12. Bf4 Qe7 13. Re1 Nh5 14.
Bg5 Bf6 15. Be3 Ne5 16. Be2 Nxf3+ 17. Bxf3 Ng7 18. Qd2 Rb8 19. b4 Qe5 20. Rac1 c4 21.
Ne2 Qb2 22. Qxb2 Bxb2 23. Rb1 Be5 24. Bd4 f5 25. Bxe5 dxe5 26. Nc3 Re8 27. a4 Bd7 28.
axb5 Bxb5 29. Ra1 h6 30. g4 f4 31. Bd1 Red8 32. Ba4 Ne8 33. Bxb5 axb5 34. Ra6 Nd6 35. Rea1 h5 36. gxh5 gxh5 37. Rc6 Kf7 38. Raa6 Ke7 39. Kg2 Rb7 40. Kf3 Rbd7 41. Rab6 Ra8 42. Ke2 f3+ 43. Kd2 Ra3 44. Rxd6 Rxd6 45. Rxd6 Rb3 46. Re6+ Kd7 47. Nd1 Rxb4 48. Rxe5 Rb3 49. Re6 Rd3+ 50. Kc2 b4 51.
Rc6 1-0

[Event "*** SCC Grand Prix: Titled Tuesday Blitz"]
[Site "Chess.com"]
[Date "2020.06.23"]
[Round "9"]
[White "albano87"]
[Black "Kildepiotr"]
[Result "0-1"]
[WhiteElo "2385"]
[BlackElo "2606"]
[TimeControl "180+1"]
[EndTime "11:46:37 PDT"]
[Termination "Kildepiotr won on time"]

1. d4 c5 2. d5 e5 3. e4 d6 4. Bb5+ Nd7 5. a4 Be7 6. Nf3 Nf6 7. Nc3 O-O 8. O-O Ne8 9. Nd2 Bg5 10. a5 Bxd2 11. Bxd2 Nc7 12. Bd3 Qe7 13. f4 exf4 14.
Bxf4 Ne5 15. Qe1 Bd7 16. Qg3 Rfe8 17. Rae1 b5 18. Nd1 c4 19. Be2 Na6 20. Bf3 Nc5 21.
Ne3 a6 22. Nf5 Bxf5 23. exf5 f6 24. Bxe5 fxe5 25. f6 Qf7 26. Bh5 g6 27. Bg4 Rf8 28.
h4 Kh8 29. Qh3 Qxd5 30. h5 g5 31. h6 e4 32. Kh1 Rf7 33. Bh5 Rff8 34. Rf5 Qd4 35.
Ref1 e3 36. Bf3 Ra7 37. Bd5 Qh4 38. Qxh4 gxh4 39. f7 Re7 40. Rg5 Ne6 41. Rg4 Rfxf7 42. Rxf7 Rxf7 43. Bxe6 e2 44. Bxf7 e1=Q+ 45. Kh2 Qe5+ 46.
Kh3 Qf5 0-1

[Event "*** SCC Grand Prix: Titled Tuesday Blitz"]
[Site "Chess.com"]
[Date "2020.06.23"]
[Round "9"]
[White "HouseOfDurin"]
[Black "MYMChessAcademy"]
[Result "1-0"]
[WhiteElo "1923"]
[BlackElo "2184"]
[TimeControl "180+1"]
[EndTime "11:46:37 PDT"]
[Termination "HouseOfDurin won by checkmate"]

1. d4 Nf6 2. Bg5 g6 3. Bxf6 exf6 4. c4 Bg7 5. Nc3 O-O 6. g3 d6 7. Bg2 Nc6 8. e3 Re8 9. Nge2 Bd7 10. O-O Qc8 11. Re1 Bh3 12. Bh1 Bh6 13. Nd5 Kg7 14. b4 Ne7 15. b5 Nxd5 16. Bxd5 c6 17. bxc6 bxc6 18. Bf3 g5 19. Qa4 c5 20. Bxa8 Qxa8 21.
d5 Qc8 22. Nc3 Qg4 23. Qd1 Qf5 24. e4 Qe5 25. f3 Qxc3 26. Rc1 Qe5 27. Rc2 g4 28. f4 Qe7 29. Qd3 Rd8 30. Rce2 Qd7 31. e5 Qe7 32. exf6+ Qxf6 33. Qd2 Qd4+ 34. Qxd4+ cxd4 35. Re4 Rb8 36. Rxd4 Rb2 37. Rd3 Rg2+ 38. Kh1 Kg8 39. c5 Bf8 40. c6 Bg7 41. c7 Bd4 42. c8=Q+ Kg7 43. Qf5 Rg1+ 44. Rxg1 Bg2+ 45. Rxg2 Bf6 46.
Qxg4+ Bg5 47. Rf2 Kf8 48. Qf3 Bxf4 49. gxf4 Ke8 50. Qg3 Kf8 51. Kg2 Ke8 52. Re3+ Kf8 53. Qg5 f6 54. Qxf6+ Kg8 55. Rff3 h6 56. Rg3+ Kh7 57.
Re7# 1-0